 Dungeon Crawl Stone Soup version 0.22-a0-305-gd21a89c (webtiles) character file.

10808 mhoghedin the Geomancer (level 11, 0/89 HPs)
             Began as a Formicid Earth Elementalist on Mar 30, 2018.
             Was a Believer of Sif Muna.
             Killed from afar by a salamander mystic (30 damage)
             ... with an orb of energy
             ... in a volcano.
             The game lasted 00:31:53 (12045 turns).

mhoghedin the Geomancer (FoEE)                     Turns: 12045, Time: 00:31:54

Health: 0/89       AC: 13    Str: 12    XL:     11   Next: 99%
Magic:  11/18      EV: 20    Int: 26    God:    Sif Muna [**....]
Gold:   502        SH: 14    Dex: 16    Spells: 5/20 levels left

rFire    . . .     SeeInvis +   u - +4 quarterstaff (chaos)
rCold    . . .     Gourm    .   D - +3 shield (curse)
rNeg     . . .     Faith    .   x - +3 leather armour {rPois}
rPois    +         Spirit   .   (helmet unavailable)
rElec    .         Reflect  .   p - +2 cloak {rPois}
rCorr    .         Harm     .   a - +2 pair of gloves
MR       +....                  k - +0 pair of boots
Stlth    +++.......             (no amulet)
HPRegen  0.24/turn              f - +3 ring of intelligence
MPRegen  0.16/turn              K - +4 ring of intelligence

@: agile, divine energy
A: permanent stasis, dig shafts and tunnels, four strong arms, antennae 3
a: Dig, Shaft Self, Stop Divine Energy, Renounce Religion


You were in a volcano.
You worshipped Sif Muna.
Sif Muna was pleased with you.
You were hungry.

You visited 3 branches of the dungeon, and saw 12 of its levels.
You also visited: Sewer and Volcano.

You collected 502 gold pieces.

Inventory:

Hand Weapons
 u - a +4 quarterstaff of chaos (weapon)
   (You took it off Crazy Yiuf on level 2 of the Dungeon)
Missiles
 b - 220 stones (quivered)
 E - a throwing net {=f, !d}
Armour
 a - a +2 pair of gloves (worn)
   (You found it on level 1 of the Dungeon)
 k - a +0 pair of boots (worn)
   (You found it on level 1 of the Dungeon)
 p - a +2 cloak of poison resistance (worn)
   (You took it off Crazy Yiuf on level 2 of the Dungeon)
 x - a +3 leather armour of poison resistance (worn)
   (You took it off an orc on level 5 of the Dungeon)
 D - a cursed +3 shield (worn)
   (You found it on level 10 of the Dungeon)
Magical Staves
 J - an uncursed staff of cold {rC+}
   (You found it on level 9 of the Dungeon)
Jewellery
 f - a +3 ring of intelligence (left hand)
   (You found it on level 7 of the Dungeon)
 j - an uncursed amulet of the gourmand {Gourm, !d}
   (You found it on level 1 of the Dungeon)
 F - the amulet "Comuryf" {rPois rF- Regen+ MP+9 Stlth+}
   (You found it on level 9 of the Dungeon)

   [amulet of regeneration]

   It makes you vulnerable to fire.
   It protects you from poison.
   It affects your magic capacity (+9).
   It increases your rate of regeneration.
   It makes you more stealthy.
 K - a +4 ring of intelligence (right hand)
   (You found it on level 1 of the Lair of Beasts)
Wands
 c - a wand of polymorph (5)
   (You found it on level 5 of the Dungeon)
 q - a wand of digging (17)
   (You found it on level 9 of the Dungeon)
 y - a wand of random effects (32)
   (You found it on level 6 of the Dungeon)
 C - a wand of paralysis (18)
   (You found it on level 10 of the Dungeon)
Scrolls
 e - 6 scrolls of remove curse
 i - a scroll of immolation {!r}
 m - 3 scrolls of amnesia
 s - 2 scrolls of enchant weapon
 w - a scroll of fog
 G - a scroll of magic mapping {!r}
 I - a scroll of noise {!r}
Potions
 g - a potion of brilliance {unknown}
 h - 2 potions of degeneration {unknown}
 n - 3 potions of might {unknown}
 o - a potion of magic
 r - a potion of cancellation {unknown}
 t - 2 potions of curing {unknown}
 v - a potion of berserk rage {unknown}
 z - 3 potions of haste {unknown}
 B - a potion of flight {unknown}
 H - 2 potions of heal wounds
Comestibles
 d - 24 rations


   Skills:
 + Level 9.0 Fighting
 - Level 2.9 Staves
 + Level 6.0 Dodging
 - Level 2.4 Stealth
 - Level 9.0 Shields
 - Level 5.1 Spellcasting
 - Level 4.7 Conjurations
 - Level 7.1 Transmutations
 - Level 10.1 Earth Magic


You had 5 spell levels left.
You knew the following spells:

 Your Spells              Type           Power        Failure   Level  Hunger
a - Sandblast             Erth           ######       1%          1    None
c - Petrify               Tmut/Erth      ######..     2%          4    ###....
w - Passwall              Tmut/Erth      ######....   1%          2    None
x - Stone Arrow           Conj/Erth      #####.       1%          3    #......
z - Lee's Rapid Deconstr  Erth           ######....   4%          5    #####..


Dungeon Overview and Level Annotations

Branches:
Dungeon (10/15)            Temple (1/1) D:7            Lair (1/6) D:8
    Orc: D:9-12

Altars:
Ashenzari
Cheibriados
Dithmenos
Elyvilon
Fedhas
Gozag
Hepliaklqana
Kikubaaqudgha
Makhleb
Nemelex Xobeh
Okawaru
Qazlal
Ru
Sif Muna
Trog
Uskayaw
Vehumet
Wu Jian
Xom
Yredelemnul
Zin
The Shining One

Shops:
D:9 %(*


Innate Abilities, Weirdness & Mutations

You cannot be hasted, slowed, berserked, paralysed or teleported.
You can dig through walls and to a lower floor.
Your four strong arms can wield two-handed weapons with a shield.
You have a pair of large antennae on your head. (SInv)


Message History

The lindwurm roars!
You block the lindwurm's attack. The lindwurm closely misses you.
The lindwurm misses you.
Found a dark tunnel.
You retract your mandibles.
You hit the lindwurm but do no damage.
The lindwurm is poisoned.
The lindwurm misses you.
You block the lindwurm's attack. x3; The lindwurm completely misses you.
The lindwurm claws you but does no damage.
You hit the lindwurm but do no damage. You block the lindwurm's attack.
The lindwurm barely misses you. The lindwurm closely misses you.
J - an uncursed staff of cold (weapon)
{rC+} Unknown command.
You remove the amulet "Comuryf" {rPois rF- Regen+ MP+9 Stlth+}.
The lindwurm barely misses you. The lindwurm claws you.
You block the lindwurm's attack.
You take 1 damage, and have 86/87 hp.
You now have 18/18 mp.
Wield which item (- for none, * to show all)? (? for menu, Esc to quit)
Your +4 quarterstaff of chaos is briefly surrounded by a scintillating aura of random colours.
u - a +4 quarterstaff of chaos (weapon)
Aim: a lindwurm (lightly wounded, poisoned)
The blast of sand hits the lindwurm.
b - 225 stones The lindwurm closely misses you.
The lindwurm barely misses you. The lindwurm closely misses you.
You now have 17/18 mp.
Aim: a lindwurm (heavily wounded, poisoned)
The blast of sand hits the lindwurm.
b - 224 stones The lindwurm breathes flames at you.
The blast of flame hits you!
You take 15 damage, and have 71/87 hp.
You now have 16/18 mp.
Aim: a lindwurm (heavily wounded, poisoned, catching its breath)
The blast of sand hits the lindwurm.
b - 223 stones The lindwurm bites you.
You block the lindwurm's attack. The lindwurm claws you.
You take 1 damage, and have 70/87 hp.
You now have 15/18 mp.
Aim: a lindwurm (almost dead, poisoned, catching its breath)
The blast of sand hits the lindwurm.
You kill the lindwurm!
Sif Muna accepts your kill.
Your Fighting skill increases to level 9!
Your Dodging skill increases to level 6!
b - 222 stones You now have 14/18 mp.
You see here a lindwurm corpse.
Okay, then.
Unknown command.
Why would you want to do that?
You see here a lindwurm corpse.
You extend your mandibles.
You dig through the rock wall.
You retract your mandibles.
There is a dark tunnel here.
The world spins around you as you enter the gateway.
You enter a volcano!
Beware, you cannot shaft yourself on this level.
Found a rocky tunnel leading out of this place.
There is a rock-blocked tunnel here.
You sense a monster nearby.
You regained 2 hp, and now have 76/89 hp.
MP restored: 18 A salamander mystic comes into view.
It is wielding a quarterstaff.
You are feeling hungry.
The salamander mystic points at you and mumbles some strange words.
The bolt of magma misses you.
The air gets thick with the scent of sulphur.
The salamander mystic gestures at you while chanting.
The bolt of magma hits you!
You take 12 damage, and have 68/89 hp.
In the distance, the volcano erupts with a roar.
The salamander mystic points at you and mumbles some strange words.
The orb of energy misses you.
Aim: a salamander mystic, wielding a quarterstaff and wearing a robe (chance to defeat MR: 38%)
Okay, then.
Unknown command.
The statue shatters!
The blast of rock fragments hits the salamander mystic.
You now have 13/18 mp.
Aim: a salamander mystic, wielding a quarterstaff and wearing a robe The blast of sand hits the salamander mystic.
b - 221 stones You now have 12/18 mp.
Aim: a salamander mystic, wielding a quarterstaff and wearing a robe The blast of sand hits the salamander mystic.
b - 220 stones The salamander mystic hits you with a quarterstaff!
You are engulfed in flames!!
You take 27 damage, and have 44/89 hp.
MASSIVE DAMAGE!!
You now have 11/18 mp.
You hit the salamander mystic.
The salamander mystic hits you with a quarterstaff.
You are engulfed in flames!
You take 15 damage, and have 29/89 hp.
Unknown command.
You feel agile all of a sudden.
The salamander mystic casts a spell at you.
The orb of energy hits you!
You die...

####.....##
#.....#
#8...8#
#.....#
#.....#
#8....#
#.....#
#...N.#
#8..@8#
#.....#
#.....#
#8.∩.8#
##...##
##∩## ###


You could see a salamander mystic.

Vanquished Creatures
  A centaur warrior (D:9)
  An unseen horror (D:9)
  A lindwurm (Lair:1)
  An ugly thing (D:10)
  A centaur zombie (D:10)
  Joseph (D:8)
  A spiny frog (Lair:1)
  A komodo dragon (Lair:1)
  2 hornets (D:9)
  3 blink frogs (Lair:1)
  A dream sheep (D:10)
  Sigmund (D:4)
  A steam dragon (D:10)
  A wraith (D:10)
  Edmund (D:4)
  A water moccasin (Lair:1)
  A porcupine (Lair:1)
  2 ice beasts
  2 orc warriors (D:9)
  3 sky beasts
  3 phantoms
  9 ogres
  4 wolves (Lair:1)
  A crocodile (D:10)
  3 centaurs
  A big kobold (D:9)
  8 bullfrogs
  A gnoll sergeant (D:10)
  A wyvern zombie (D:10)
  3 scorpions
  7 wights
  6 killer bees (D:10)
  A bullfrog zombie (D:10)
  A crimson imp (D:7)
  6 hounds
  5 jellies
  A centaur skeleton (D:8)
  4 orc priests
  Crazy Yiuf (D:2)
  Jessica (D:2)
  2 bullfrog skeletons
  4 iguanas
  8 orc wizards
  8 worker ants
  2 killer bee zombies
  3 hound skeletons
  A howler monkey zombie (D:7)
  2 worker ant zombies
  5 gnolls (D:10)
  25 adders
  2 river rats (D:4)
  A shadow imp (D:5)
  11 oozes
  2 adder zombies
  3 adder skeletons
  5 worms
  3 dart slugs
  12 leopard geckos
  24 orcs
  15 ball pythons
  5 bats
  19 giant cockroaches
  4 goblins
  5 hobgoblins
  5 jackals
  3 quokkas
  14 frilled lizards
  A jackal zombie (D:7)
  6 kobolds
  A quokka skeleton (D:4)
  5 rats
300 creatures vanquished.

Vanquished Creatures (others)
  A blink frog (Lair:1)
  A sky beast (D:8)
2 creatures vanquished.

Grand Total: 302 creatures vanquished

Notes
Turn   | Place    | Note
-------+----------+-------------------------------------------
     0 | D:1      | mhoghedin the Formicid Earth Elementalist began the quest for the Orb.
     0 | D:1      | Reached XP level 1. HP: 13/13 MP: 3/3
   146 | D:1      | Reached XP level 2. HP: 19/19 MP: 0/5
   259 | D:1      | Reached skill level 4 in Earth Magic
   619 | D:1      | Learned a level 2 spell: Passwall
   701 | D:2      | Reached XP level 3. HP: 19/24 MP: 0/7
   798 | D:1      | Learned a level 3 spell: Stone Arrow
   855 | D:2      | Reached skill level 3 in Spellcasting
   878 | D:2      | Reached XP level 4. HP: 29/30 MP: 2/9
   962 | D:2      | Learned a level 4 spell: Petrify
  1171 | D:2      | Reached skill level 5 in Earth Magic
  1362 | D:2      | Reached XP level 5. HP: 31/35 MP: 6/10
  1418 | D:2      | Noticed Jessica
  1423 | D:2      | Killed Jessica
  1423 | D:2      | Reached skill level 4 in Spellcasting
  1623 | D:2      | Found a runed door.
  1729 | D:2      | Noticed Crazy Yiuf
  1738 | D:2      | Killed Crazy Yiuf
  2071 | D:3      | Reached XP level 6. HP: 41/41 MP: 12/12
  2232 | D:3      | Reached skill level 6 in Earth Magic
  2848 | D:4      | Noticed an ogre
  2854 | D:4      | Killed an ogre
  2854 | D:4      | Reached skill level 5 in Spellcasting
  2854 | D:4      | Reached XP level 7. HP: 46/46 MP: 6/14
  2861 | D:4      | Learned a level 5 spell: Lee's Rapid Deconstruction
  3018 | D:4      | Found a glowing drain.
  3022 | Sewer    | Entered a sewer
  3193 | Sewer    | Reached skill level 1 in Conjurations
  3220 | Sewer    | Reached skill level 7 in Earth Magic
  3235 | Sewer    | Reached skill level 2 in Transmutations
  3553 | Sewer    | Reached skill level 2 in Conjurations
  3561 | Sewer    | Reached skill level 3 in Transmutations
  3855 | D:4      | Reached XP level 8. HP: 52/52 MP: 3/15
  4296 | D:4      | Noticed Sigmund
  4303 | D:4      | Noticed Edmund
  4311 | D:4      | HP: 13/52 [Edmund/flail of draining (9)]
  4312 | D:4      | Killed Sigmund
  4312 | D:4      | Reached skill level 4 in Transmutations
  4312 | D:4      | Reached skill level 8 in Earth Magic
  4394 | D:4      | You fall through a shaft!
  4394 | D:5      | Entered Level 5 of the Dungeon
  4887 | D:5      | Reached skill level 1 in Fighting
  4987 | D:5      | Reached skill level 2 in Fighting
  4990 | D:5      | Reached skill level 3 in Fighting
  5036 | D:5      | Reached skill level 4 in Fighting
  5051 | D:5      | Reached XP level 9. HP: 39/65 MP: 2/16
  5462 | D:6      | Reached skill level 5 in Fighting
  5609 | D:6      | Reached skill level 2 in Dodging
  5763 | D:6      | Reached skill level 6 in Fighting
  5919 | D:6      | Reached skill level 3 in Dodging
  6472 | D:6      | Reached skill level 7 in Fighting
  6472 | D:6      | Reached skill level 4 in Dodging
  6975 | D:4      | Killed Edmund
  6975 | D:4      | Reached skill level 1 in Staves
  7106 | D:7      | Reached skill level 2 in Staves
  7206 | D:7      | Found a staircase to the Ecumenical Temple.
  7220 | D:7      | Found a shattered altar of Ashenzari.
  7223 | D:7      | Found a hazy altar of Hepliaklqana.
  7262 | Temple   | Entered the Ecumenical Temple
  7449 | Temple   | Became a worshipper of Sif Muna the Loreminder
  7572 | D:7      | Reached skill level 5 in Transmutations
  7593 | D:7      | Reached XP level 10. HP: 79/79 MP: 5/17
  7606 | D:7      | Reached skill level 9 in Earth Magic
  7725 | D:7      | Reached skill level 6 in Transmutations
  7726 | D:7      | Reached * piety under Sif Muna
  8283 | D:8      | Noticed a two-headed ogre
  8326 | D:8      | Noticed Joseph
  8336 | D:8      | HP: 8/79 [two-headed ogre/giant spiked club (21)]
  8336 | D:8      | HP: 1/79 [two-headed ogre/giant spiked club (7)]
  8337 | D:8      | You fall through a shaft for 2 floors!
  8337 | D:10     | Entered Level 10 of the Dungeon
  8338 | D:10     | Reached skill level 10 in Earth Magic
  8767 | D:10     | Reached skill level 7 in Transmutations
  8792 | D:10     | Noticed a white ugly thing
  8809 | D:10     | HP: 11/79 [white ugly thing (31)]
  8816 | D:10     | Killed a white ugly thing
  8816 | D:10     | Reached skill level 3 in Conjurations
  9161 | D:10     | Reached ** piety under Sif Muna
  9161 | D:10     | Reached skill level 4 in Conjurations
  9239 | D:10     | Noticed a tengu warrior
  9254 | D:10     | a tengu warrior changed into a dream sheep
  9420 | D:10     | Reached skill level 1 in Shields
  9504 | D:10     | Reached skill level 2 in Shields
  9537 | D:10     | Reached skill level 3 in Shields
  9711 | D:10     | Reached skill level 4 in Shields
  9727 | D:10     | Reached XP level 11. HP: 41/84 MP: 4/18
 10000 | D:10     | Reached skill level 5 in Shields
 10100 | D:9      | Got a translucent tin amulet
 10102 | D:9      | Identified the amulet "Comuryf" {rPois rF- Regen+ MP+9 Stlth+} (You found it on level 9 of the Dungeon)
 10211 | D:9      | Noticed an unseen horror
 10216 | D:9      | Killed an unseen horror
 10216 | D:9      | Reached skill level 6 in Shields
 10238 | D:9      | Reached skill level 7 in Shields
 10353 | D:9      | Found Numesch's Food Shop.
 10421 | D:9      | Noticed a centaur warrior
 10432 | D:9      | Killed a centaur warrior
 10432 | D:9      | Reached skill level 8 in Shields
 10465 | D:9      | Reached skill level 9 in Shields
 10591 | D:9      | Found Goytosed's Assorted Antiques.
 10592 | D:9      | Found Kyufegent's Antique Weapon Shoppe.
 10812 | D:9      | Found a radiant altar of Vehumet.
 10812 | D:9      | Found a faded altar of an unknown god.
 10818 | D:9      | Found a bloodstained altar of Trog.
 10820 | D:9      | Found a shimmering altar of Xom.
 10821 | D:9      | Found a faded altar of an unknown god.
 10964 | D:8      | Found a staircase to the Lair.
 11058 | D:8      | Found a sacrificial altar of Ru.
 11192 | D:8      | Killed Joseph
 11430 | Lair:1   | Entered Level 1 of the Lair of Beasts
 11476 | Lair:1   | Reached skill level 8 in Fighting
 11486 | Lair:1   | Reached skill level 5 in Dodging
 11985 | Lair:1   | Found a dark tunnel.
 11985 | Lair:1   | Noticed a lindwurm
 11994 | Lair:1   | Killed a lindwurm
 11994 | Lair:1   | Reached skill level 9 in Fighting
 11994 | Lair:1   | Reached skill level 6 in Dodging
 12003 | Volcano  | Entered a volcano
 12022 | Volcano  | Noticed a salamander mystic
 12045 | Volcano  | Killed from afar by a salamander mystic

Vault maps used:
D:1:      minmay_arrival_radiant_lines
D:2:      hangedman_feature_mirror, minivault_23, kennysheep_crisscross,
          uniq_jessica, uniq_crazy_yiuf_cottage
D:4:      first_ration, gup_sewer_entry_spiral, sigmund_edmund_badplayer
D:5:      uniq_sigmund
D:6:      mumra_celtic_spiral_tile
D:7:      chequers_temple_overflow_statue_of_worship,
          minmay_temple_entry_purple_smoke, kennysheep_decorative_pillar,
          interstate_on_off
D:8:      nicolae_ru_the_path_less_chosen, lair_entry_dummy, uniq_joseph
D:9:      minmay_bloctagon_deflated, chequers_temple_overflow_minitemple,
          serial_shops, shop, shop, shop
D:10:     grunt_tengu_nest
Temple:   eino_temple_rhombus
Lair:1:   nicolae_volcano_entry_vermiform, nicolae_quartered_pool_little
Sewer:    sewer_frog_island_02
Volcano:  kennysheep_volcano_temple

Skill      XL: |  1  2  3  4  5  6  7  8  9 10 11 |
---------------+----------------------------------+-----
Earth Magic    | 4 5 6 7 8 10 | 10.1
Spellcasting   | 3 4 5 |  5.1
Conjurations   | 2 4 |  4.7
Transmutations | 3 4 5 7 |  7.1
Fighting       | 4 7 9 |  9.0
Dodging        | 4 6 |  6.0
Staves         | 2 |  2.9
Shields        | 4 9 |  9.0
Stealth        | |  2.4

Action                   |  1- 3 |  4- 6 |  7- 9 | 10-12 || total
-------------------------+-------+-------+-------+-------++-------
Melee: Dagger            |     3 |       |       |       ||     3
       Quarterstaff      |       |     4 |   307 |   365 ||   676
 Cast: Sandblast         |    29 |    69 |    79 |    28 ||   205
       Petrify           |       |     1 |    19 |    12 ||    32
       Stone Arrow       |       |     1 |     3 |    13 ||    17
       Lee's Rapid Decon |       |       |    15 |    27 ||    42
       Passwall          |       |       |     1 |       ||     1
Invok: Divine Energy     |       |       |       |     1 ||     1
 Abil: Shaft Self        |       |       |     1 |     1 ||     2
       Dig               |       |       |       |     2 ||     2
  Use: Scroll            |       |    10 |     4 |    10 ||    24
       Potion            |       |       |     3 |     1 ||     4
 Stab: Sleeping          |       |     1 |     4 |     6 ||    11
       Petrified         |       |       |    30 |    18 ||    48
       Confused          |       |       |     1 |     2 ||     3
       Paralysed         |       |       |     2 |     2 ||     4
       Petrifying        |       |       |       |     1 ||     1
       Distracted        |       |       |       |     1 ||     1
  Eat: Chunk             |       |    10 |    15 |    19 ||    44
       Ration            |       |     1 |     1 |     2 ||     4
Armor: Robe              |     4 |     9 |   153 |       ||   166
       Leather armour    |       |       |    25 |   133 ||   158
Dodge: Dodged            |    19 |    24 |   311 |   210 ||   564
Block: Shield            |       |       |       |   145 ||   145

Table legend:
 A = Spawn XP
 B = Non-spawn XP
 C = Spawn XP percentage of total XP
 D = Spawn monster count
 E = Non-spawn monster count
 F = Spawn count percentage of total count
 G = Total turns spent on level
                    A         B        C        D         E        F      G
               +---------+---------+-------+---------+---------+-------+---------
         Total |       0 |   15440 |   0.0 |       0 |     302 |   0.0 | 12045
               +---------+---------+-------+---------+---------+-------+---------
           D:1 |       0 |      18 |   0.0 |       0 |      12 |   0.0 |   781
           D:2 |       0 |     222 |   0.0 |       0 |      23 |   0.0 |  1087
           D:3 |       0 |     104 |   0.0 |       0 |      20 |   0.0 |   801
           D:4 |       0 |     842 |   0.0 |       0 |      24 |   0.0 |  1210
           D:5 |       0 |     610 |   0.0 |       0 |      20 |   0.0 |  1240
           D:6 |       0 |    1256 |   0.0 |       0 |      24 |   0.0 |  1297
           D:7 |       0 |    1063 |   0.0 |       0 |      21 |   0.0 |   764
           D:8 |       0 |    1320 |   0.0 |       0 |      15 |   0.0 |   816
           D:9 |       0 |    3470 |   0.0 |       0 |      37 |   0.0 |   814
          D:10 |       0 |    2885 |   0.0 |       0 |      30 |   0.0 |  1734
        Lair:1 |       0 |    3218 |   0.0 |       0 |      14 |   0.0 |   573
         Sewer |       0 |     432 |   0.0 |       0 |      62 |   0.0 |   682
               +---------+---------+-------+---------+---------+-------+---------

Vault maps used:
D:1:      minmay_arrival_radiant_lines
D:2:      hangedman_feature_mirror, minivault_23, kennysheep_crisscross,
          uniq_jessica, uniq_crazy_yiuf_cottage
D:4:      first_ration, gup_sewer_entry_spiral, sigmund_edmund_badplayer
D:5:      uniq_sigmund
D:6:      mumra_celtic_spiral_tile
D:7:      chequers_temple_overflow_statue_of_worship,
          minmay_temple_entry_purple_smoke, kennysheep_decorative_pillar,
          interstate_on_off
D:8:      nicolae_ru_the_path_less_chosen, lair_entry_dummy, uniq_joseph
D:9:      minmay_bloctagon_deflated, chequers_temple_overflow_minitemple,
          serial_shops, shop, shop, shop
D:10:     grunt_tengu_nest
Temple:   eino_temple_rhombus
Lair:1:   nicolae_volcano_entry_vermiform, nicolae_quartered_pool_little
Sewer:    sewer_frog_island_02
Volcano:  kennysheep_volcano_temple

Table legend:
 A = Turns spent in this place as a percentage of turns spent in the entire game.
 B = Non-inter-level travel turns spent in this place as a percentage of non-inter-level travel turns spent in the entire game.
 C = Inter-level travel turns spent in this place as a percentage of turns spent in this place.
 D = Turns resting spent in this place as a percentage of non-inter-level travel turns spent in this place.
 E = Turns spent auto-exploring this place as a percentage of non-inter-level travel turns spent in this place.
 F = Non-inter-level travel turns spent in this place divided by the number of levels of this place that you've seen.
                   A       B       C       D       E      F
               +-------+-------+-------+-------+-------+----------------------
         Total | 100.0 | 100.0 |   3.2 |  24.8 |  50.8 | 832.5
       Dungeon |  87.5 |  87.3 |   3.5 |  24.6 |  54.4 | 1017.1
        Temple |   1.7 |   1.6 |   7.8 |   0.0 |  71.3 | 188.0
          Lair |   4.8 |   4.9 |   0.2 |  23.8 |  35.8 | 572.0
         Sewer |   5.7 |   5.9 |   0.0 |  37.7 |   6.0 | 682.0
       Volcano |   0.3 |   0.4 |   0.0 |   0.0 |  26.2 |  42.0
               +-------+-------+-------+-------+-------+----------------------

Table legend:
 A = Kills in this place as a percentage of kills in entire the game.
 B = Kills by you in this place as a percentage of kills by you in the entire game.
 C = Kills by friends in this place as a percentage of kills by friends in the entire game.
 D = Other kills in this place as a percentage of other kills in the entire game.
 E = Experience gained in this place as a percentage of experience gained in the entire game.
 F = Experience gained in this place divided by the number of levels of this place that you have seen.
                   A       B       C       D       E      F
               +-------+-------+-------+-------+-------+----------------------
         Total | 100.0 | 100.0 |   N/A | 100.0 | 100.0 | 1102.9
       Dungeon |  74.8 |  74.9 |   N/A |  66.7 |  76.4 | 1179.0
          Lair |   4.6 |   4.3 |   N/A |  33.3 |  20.8 | 3218.0
         Sewer |  20.5 |  20.7 |   N/A |   0.0 |   2.8 | 432.0
               +-------+-------+-------+-------+-------+----------------------
